 Dungeon Crawl Stone Soup version 0.19.5 (webtiles) character file.

398 Peloso the Slasher (level 6, 0/53 HPs)
             Began as a Minotaur Fighter on May 6, 2017.
             Succumbed to a kobold's poison
             ... on level 3 of the Dungeon.
             The game lasted 00:05:05 (1473 turns).

Peloso the Slasher (Minotaur Fighter)               Turns: 1473, Time: 00:05:06

Health: 0/53       AC:  9    Str: 26    XL:     6   Next: 53%
Magic:  5/5        EV:  6    Int:  5    God:
Gold:   121        SH: 10    Dex: 11    Spells: 0 memorised, 5 levels left

rFire  . . .     SeeInvis +     a - +0 long sword
rCold  . . .     Gourm    .     n - +0 chain mail
rNeg   . . .     Faith    .     c - +0 shield
rPois  .         Spirit   .     (helmet restricted)
rElec  .         Reflect  .     (no cloak)
rCorr  .         Harm     .     (no gloves)
MR     .....                    (no boots)
Stlth  ..........               (no amulet)
                                (no ring)
                                m - ring of see invisible

@: mighty, lethally poisoned (0 -> -1)
A: retaliatory headbutt, horns 2
a: no special abilities


You were on level 3 of the Dungeon.
You were very hungry.

You visited 1 branch of the dungeon, and saw 3 of its levels.

You collected 121 gold pieces.

Inventory:

Hand Weapons
 a - a +0 long sword (weapon)
Armour
 c - a +0 shield (worn)
 n - a +0 chain mail (worn)
Jewellery
 m - a ring of see invisible (left hand)
Scrolls
 b - a scroll of enchant weapon {unknown}
 h - a scroll of teleportation {unknown}
 i - a scroll of blinking {unknown}
 j - a scroll of identify {unknown}
 l - a scroll of noise {unknown}
 o - 2 scrolls of fog {unknown}
Comestibles
 f - 3 bread rations
 g - 3 meat rations
 k - 3 fruits


   Skills:
 + Level 4.6 Fighting
 + Level 5.9 Long Blades
 + Level 5.2 Armour
 + Level 1.0 Dodging
 + Level 5.0 Shields


You had 5 spell levels left.
You didn't know any spells.

Dungeon Overview and Level Annotations

Branches:
Dungeon (3/15)

Altars:
The Shining One


Innate Abilities, Weirdness & Mutations

You reflexively headbutt those who attack you in melee.
You have a pair of horns on your head.


Message History

* * * LOW HITPOINT WARNING * * *
You feel sick.
* * * LOW HITPOINT WARNING * * *
You feel sick.
It was a potion of magic.
Magic courses through your body.
* * * LOW HITPOINT WARNING * * *
You feel sick.
* * * LOW HITPOINT WARNING * * *
You feel sick.
* * * LOW HITPOINT WARNING * * *
You feel sick.
* * * LOW HITPOINT WARNING * * *
You feel sick.
* * * LOW HITPOINT WARNING * * *
You feel sick.
You hear the slow rusting of a drain.
* * * LOW HITPOINT WARNING * * *
You feel sick.
Unknown command.
You die...

..#. .... .....
############ .....
#≈≈≈#≈≈≈≈≈≈#
.....≈#≈#≈#@# ####
#....≈#≈#≈#≈#≈≈≈≈#
#...≈≈≈)#≈≈≈≈≈#
###..≈#≈#≈#####
#..≈≈(#≈≈ ..
##...#≈### ...
#...≈≈(# ....
##....≈(##########..#
...>...(............+


There were no monsters in sight!

Vanquished Creatures
  Sigmund (D:2)
  The ghost of Gabide the Firebug, an amateur HEFE of Vehumet (D:3)
  4 gnolls
  2 adders (D:2)
  An ooze (D:1)
  A dart slug (D:1)
  2 worms (D:2)
  A leopard gecko (D:1)
  3 giant cockroaches
  4 goblins
  10 hobgoblins
  2 jackals (D:2)
  7 kobolds
  A quokka (D:2)
  A ball python (D:1)
  A bat (D:1)
  A frilled lizard (D:2)
  13 rats
56 creatures vanquished.

Notes
Turn   | Place    | Note
-------+----------+-------------------------------------------
     0 | D:1      | Peloso the Minotaur Fighter began the quest for the Orb.
     0 | D:1      | Reached XP level 1. HP: 19/19 MP: 0/0
   147 | D:1      | Reached XP level 2. HP: 27/27 MP: 1/1
   182 | D:1      | Reached XP level 3. HP: 31/33 MP: 2/2
   828 | D:2      | Reached XP level 4. HP: 37/40 MP: 3/3
  1109 | D:2      | Noticed Sigmund
  1127 | D:2      | Killed Sigmund
  1127 | D:2      | Reached skill level 5 in Long Blades
  1127 | D:2      | Reached XP level 5. HP: 23/47 MP: 4/4
  1127 | D:2      | Reached XP level 6. HP: 26/53 MP: 5/5
  1404 | D:3      | Found a glowing golden altar of the Shining One.
  1431 | D:3      | Noticed Gabide's ghost (amateur HEFE)
  1448 | D:3      | Killed Gabide's ghost
  1448 | D:3      | Reached skill level 5 in Armour
  1448 | D:3      | Reached skill level 1 in Dodging
  1448 | D:3      | Reached skill level 5 in Shields
  1465 | D:3      | HP: 2/53 [poisoned by a kobold]
  1470 | D:3      | HP: 1/53 [poisoned by a kobold]
  1473 | D:3      | Succumbed to a kobold's poison

Skill      XL: |  1  2  3  4  5  6 |
---------------+-------------------+-----
Fighting       | 4 |  4.6
Armour         | 4 5 |  5.2
Shields        | 4 5 |  5.0
Long Blades    | 3 5 |  5.9
Dodging        | 1 |  1.0

Action                   |  1- 3 |  4- 6 || total
-------------------------+-------+-------++-------
Melee: Long sword        |    98 |    54 ||   152
       Headbutt          |    12 |     6 ||    18
  Use: Potion            |       |     2 ||     2
  Eat: Chunk             |       |     1 ||     1
Armor: Scale mail        |    22 |       ||    22
       Chain mail        |     6 |    16 ||    22
Dodge: Dodged            |    21 |    10 ||    31
Block: Shield            |    46 |    27 ||    73
       Rpst.: Long sword |     7 |     4 ||    11
